 Dungeon Crawl Stone Soup version 0.29.1-15-g9cfb28693d (webtiles) character file.

Game seed: 710021925348360816

179026 kingofthe the Unseen (level 17, -4/70 HPs)
             Began as a Spriggan Enchanter on Apr 2, 2023.
             Was the Champion of Dithmenos.
             Constricted to death by Vashnia (6 damage)
             ... on level 4 of the Snake Pit on Apr 9, 2023.
             The game lasted 04:03:39 (44552 turns).

kingofthe the Unseen (Spriggan Enchanter)          Turns: 44552, Time: 04:03:40

Health: -4/70      AC: 10    Str:  6    XL:     17   Next: 59%
Magic:  20/38      EV: 31    Int: 18    God:    Dithmenos [******]
Gold:   770        SH: 16    Dex: 24    Spells: 15/49 levels left

rFire   + . .      SeeInvis +   b - +9 short sword "Huifer" {spect, rPois rC- rCorr SInv}
rCold   . . .      Faith    .   y - +2 buckler of Follow the Leader {rF+ rC+ Dex-4 Slay+3}
rNeg    + + .      Spirit   .   U - +1 robe of Ethics {*Slow rElec rN++ Slay+6}
rPois   +          Reflect  +   p - +0 hat of Zog Lico {Will+ Str+2 Stlth-}
rElec   +          Harm     .   g - +2 cloak {Stlth+}
rCorr   +          Rampage  .   (gloves unavailable)
Will    +++..                   (boots unavailable) Stlth *****+++++
                                v - amulet of reflection
HPRegen 0.21/turn               D - +6 ring of dexterity
MPRegen 0.26/turn               T - +4 ring of protection

@: very slightly contaminated, wreathed by umbra, constricted, very quick
A: very small, no large weapons, unfitting armour, see invisible, speed 3
a: Renounce Religion, Shadow Step, Shadow Form


You were on level 4 of the Snake Pit.
You worshipped Dithmenos.
Dithmenos was exalted by your worship.
You visited 5 branches of the dungeon, and saw 27 of its levels.
You also visited: Bailey and Gauntlet.

You collected 3305 gold pieces.
You spent 2535 gold pieces at shops.


Innate Abilities, Weirdness & Mutations

You are very small and have problems with some larger weapons.
You are too small for most types of armour.
You have supernaturally acute eyesight. (SInv)
You cover ground extremely quickly. (Speed+++)


   Skills:
 - Level 12.0 Short Blades
 + Level 16.5 Dodging
 + Level 19.4 Stealth
 - Level 6.0 Shields
 + Level 16.5 Spellcasting
 + Level 0.1 Conjurations
 * Level 17.0 Hexes
 - Level 15.0 Translocations
 + Level 2.2 Ice Magic
 + Level 2.0 Earth Magic
 - Level 3.4 Invocations
 - Level 11.2 Evocations


You had 15 spell levels left.
You knew the following spells:

 Your Spells              Type           Power      Damage    Failure   Level
a - Ensorcelled Hibernat  Hex/Ice        98%        N/A       1%          2
b - Confusing Touch       Hex            66%        N/A       1%          3
c - Tukima's Dance        Hex            66%        N/A       1%          3
d - Teleport Other        Tloc           62%        N/A       1%          3
e - Enfeeble              Hex            33%        N/A       6%          7
f - Cause Fear            Hex            33%        N/A       1%          4
g - Gell's Gravitas       Tloc           62%        N/A       1%          3
A - Stone Arrow           Conj/Erth      36%        3d9       14%         3
D - Dispersal             Tloc           31%        N/A       2%          6

Your spell library contained the following spells:

 Spells                   Type           Power      Damage    Failure   Level
 Dazzling Flash           Conj/Hex       90%        N/A       1%          3
 Inner Flame              Hex/Fire       45%        N/A       1%          3
 Portal Projectile        Hex/Tloc       100%       N/A       1%          3
 Summon Guardian Golem    Hex/Summ       45%        N/A       1%          3
 Leda's Liquefaction      Hex/Erth       24%        N/A       1%          4
 Anguish                  Hex/Necr       22%        N/A       2%          4
 Fulminant Prism          Conj/Hex       22%        3d13      2%          4
 Freeze                   Ice            92%        1d10      3%          1
 Sandblast                Erth           44%        2d11      3%          1
 Metabolic Englaciation   Hex/Ice        24%        N/A       4%          5
 Magic Dart               Conj           60%        1d6       7%          1
 Foxfire                  Conj/Fire      60%        2x1d7     8%          1
 Passwall                 Tmut/Erth      15%        N/A       8%          2
 Frozen Ramparts          Ice            46%        1d7       9%          3
 Ozocubu's Armour         Ice            23%        N/A       9%          3
 Searing Ray              Conj           30%        2d5       11%         2
 Static Discharge         Conj/Air       15%        3-5/arc   11%         2
 Call Canine Familiar     Summ           14%        N/A       22%         3
 Conjure Flame            Conj/Fire      15%        6-21      22%         3
 Spider Form              Tmut/Pois      14%        N/A       22%         3
 Hailstorm                Conj/Ice       19%        3d6       41%         4
 Animate Dead             Necr           14%        N/A       58%         4
 Flame Wave               Conj/Fire      15%        2d7       58%         4
 Freezing Cloud           Conj/Ice/Air   8%         6-21      83%         5
 Lightning Bolt           Conj/Air       7%         1d20      90%         5
 Simulacrum               Ice/Necr       9%         N/A       100%        6
 Starburst                Conj/Fire      7%         6d4       100%        6
 Dragon Form              Tmut           7%         N/A       100%        7
 Haunt                    Necr/Summ      7%         N/A       100%        7
 Orb of Destruction       Conj           7%         9d6       100%        7
 Spellforged Servitor     Conj/Summ      7%         N/A       100%        7
 Infestation              Necr           7%         N/A       100%        8
 Lehudib's Crystal Spear  Conj/Erth      9%         10d4      100%        8
 Maxwell's Capacitive Co  Air            7%         ∞         100%        8
 Dragon's Call            Summ           7%         N/A       100%        9
 Polar Vortex             Ice            11%        N/A       100%        9

Inventory:

Hand Weapons
 a - the +6 dagger of Spring {freeze, rF+ Str+5 Int+4 Dex-4}
   (You found it on level 4 of the Dungeon)

   It freezes those it strikes, dealing additional cold damage.
   It can also slow down cold-blooded creatures.
   Str:       It affects your strength (+5).
   Int:       It affects your intelligence (+4).
   Dex:       It affects your dexterity (-4).
   rF:        It protects you from fire.
 b - the +9 short sword "Huifer" (weapon) {spect, rPois rC- rCorr SInv}
   (You bought it in a shop on level 1 of the Orcish Mines)

   When its wielder attacks, the weapon's spirit leaps out and strikes again.
   The spirit shares a part of any damage it takes with its wielder.
   rC:        It makes you vulnerable to cold.
   rPois:     It protects you from poison.
   SInv:      It lets you see invisible.
   rCorr:     It protects you from acid and corrosion.
 f - a +4 vampiric dagger
 u - the +8 rapier of the Dripping Hawk {freeze, rF+}
   (You found it on level 9 of the Dungeon)

   It freezes those it strikes, dealing additional cold damage.
   It can also slow down cold-blooded creatures.
   rF:        It protects you from fire.
Missiles
 i - 5 curare-tipped darts {=f}
 Z - 36 poisoned darts (quivered)
Armour
 g - a +2 cloak of stealth (worn)
 j - a +2 robe of willpower
 m - a scarf of resistance
 p - the +0 hat of Zog Lico (worn) {Will+ Str+2 Stlth-}
   (You acquired it on level 9 of the Dungeon)

   Str:       It affects your strength (+2).
   Will:      It increases your willpower.
   Stlth:     It makes you less stealthy.
 x - a +2 robe of fire resistance
 y - the +2 buckler of Follow the Leader (worn) {rF+ rC+ Dex-4 Slay+3}
   (You found it on level 3 of the Dungeon)

   Dex:       It affects your dexterity (-4).
   Slay:      It affects your accuracy & damage with ranged weapons and melee
   (+3).
   rF:        It protects you from fire.
   rC:        It protects you from cold.
 A - a +2 robe of cold resistance
 U - the +1 robe of Ethics (worn) {*Slow rElec rN++ Slay+6}
   (You found it in a Gauntlet)

   Slay:      It affects your accuracy & damage with ranged weapons and melee
   (+6).
   rElec:     It insulates you from electricity.
   rN:        It greatly protects you from negative energy.
   *Slow:     It may slow you when you take damage.
Jewellery
 s - the ring "Xoomedout" {Fly Int+3}
   (You found it in a Gauntlet)

   [ring of flight]

   Int:       It affects your intelligence (+3).
   Fly:       It grants you flight.
 v - an amulet of reflection (around neck)
 D - a +6 ring of dexterity (left hand)
 E - a +4 ring of evasion
 I - a +6 ring of intelligence
 T - a +4 ring of protection (right hand)
 W - a ring of willpower
 Y - a +4 ring of slaying
Wands
 w - a wand of flame (22)
 G - a wand of roots (17)
 J - a wand of mindburst (30)
 L - a wand of acid (2)
 N - a wand of polymorph (12)
 P - a wand of paralysis (10)
Scrolls
 h - 6 scrolls of immolation
 k - a scroll of amnesia
 l - 10 scrolls of identify {@r1}
 q - 3 scrolls of poison
 r - 12 scrolls of teleportation {@r2}
 t - 4 scrolls of fear
 H - 4 scrolls of vulnerability
 M - 6 scrolls of magic mapping
 O - a scroll of butterflies
Potions
 d - 8 potions of curing {@q1}
 e - 2 potions of ambrosia
 n - 3 potions of magic
 o - 4 potions of heal wounds {@q2}
 z - 4 potions of flight
 B - a potion of haste {@q3}
 Q - 3 potions of might
 V - 2 potions of cancellation
Miscellaneous
 c - a box of beasts
 K - a phantom mirror

Dungeon Overview and Level Annotations

Branches:
Dungeon (15/15)            Temple (1/1) D:7            Lair (5/5) D:9
 Shoals (0/4) Lair:2        Snake (4/4) Lair:3        Slime (0/5) Lair:4
    Orc (2/2) D:11            Elf (0/3) Orc:2        Vaults (0/5) D:14
 Depths (0/4) D:15         Bailey (visited)         Gauntlet (visited)

Altars:
Ashenzari
Cheibriados
Dithmenos
Elyvilon
Fedhas
Nemelex Xobeh
Sif Muna
Trog
Vehumet
Xom
The Shining One
Lugonu

Shops:
D:2 ?!=   D:9 !   Orc:1 (=*:(   Orc:2 =*[(   Snake:3 =

Portals:
Abyss: Lair:5

Annotations:
Snake:4 Vashnia
Orc:2 exclusion: 2 downstairs

▒.....##(.##................))...
▒▒▒..##...(#...#.......)........▒
▒▒##...).#####...............▒▒
#.N.[)..##.....###.).)...#▒▒.
▒...#N).#.....##.............
▒...##)N#..§)##..............
.....###.)#.§§.#...............
N⌠..... .#.)#.§N§#...###########.
.N.S... .#).#..#@#.............##
....▒(##.#)[#)[#§##......⌠......#
...▒▒##..#[.#[.#§§##.............
...▒.....#..)..#...###########...
▒▒.....##...N#.....[...........
▒▒▒.......#.[..#................#
▒...†.....##..##...)........+..##
...........####....▒▒#......#####
...####...........▒▒..........###


You could see Vashnia.


Message History

Your +9 short sword "Huifer" {spect, rPois rC- rCorr SInv} hits Vashnia.
You closely miss Vashnia.
Vashnia is moderately wounded.
Your shadow hits Vashnia but does no damage.
Your +9 short sword "Huifer" {spect, rPois rC- rCorr SInv} completely misses Vashnia.
Vashnia's magic is no longer disrupted.
Vashnia is no longer weakened.
Vashnia shoots an arrow.
You reflect the arrow off an invisible shield around you!
The arrow hits Vashnia!!!
Vashnia constricts you.
You hear a shout!
You hit Vashnia but do no damage.
Vashnia is heavily wounded.
Your +9 short sword "Huifer" {spect, rPois rC- rCorr SInv} barely misses Vashnia.
Vashnia spits poison at you. The splash of poison misses you.
Vashnia constricts you.
You miss Vashnia.
Vashnia is heavily wounded.
Your shadow closely misses Vashnia.
Your +9 short sword "Huifer" {spect, rPois rC- rCorr SInv} hits Vashnia but does no damage.
You puncture Vashnia!
Vashnia is heavily wounded.
Your +9 short sword "Huifer" {spect, rPois rC- rCorr SInv} hits Vashnia but does no damage.
Vashnia shoots an arrow.
The arrow hits you!!
* * * LOW HITPOINT WARNING * * *
You emit a cloud of dark smoke.
Vashnia constricts you.
* * * LOW HITPOINT WARNING * * *
You feel better.
Vashnia shoots an arrow.
The arrow hits you!!
* * * LOW HITPOINT WARNING * * *
You emit a cloud of dark smoke.
Vashnia constricts you.
You die...

Skill      XL: |  1  2  3  4  5  6  7  8  9 10 11 12 13 14 15 16 17 |
---------------+----------------------------------------------------+-----
Dodging        | 3 4 5 6 7 9 10 12 13 14 15 16 | 16.5
Spellcasting   | 3 4 5 6 7 9 10 12 13 14 15 16 | 16.5
Stealth        | 5 6 7 8 9 11 13 14 15 16 17 18 19 | 19.4
Hexes          | 4 5 6 7 9 11 12 13 14 15 16 17 | 17.0
Short Blades   | 2 4 6 7 10 11 12 | 12.0
Shields        | 1 2 3 4 5 6 |  6.0
Translocations | 8 10 11 13 14 15 | 15.0
Evocations     | 6 8 10 11 | 11.2
Invocations    | 2 3 |  3.4
Ice Magic      | 2 |  2.2
Earth Magic    | 2 |  2.0
Conjurations   | |  0.1

Action                   |  1- 3 |  4- 6 |  7- 9 | 10-12 | 13-15 | 16-18 || total
-------------------------+-------+-------+-------+-------+-------+-------++-------
Melee: Dagger            |    98 |    64 |   149 |   445 |   754 |     5 ||  1515
       Rapier            |       |       |       |    53 |   131 |       ||   184
       Short sword       |       |       |       |       |    95 |   480 ||   575
Throw: Dart              |       |     6 |    28 |    41 |    42 |    33 ||   150
 Cast: Ensorcelled Hiber |    16 |    19 |    63 |   113 |   310 |    91 ||   612
       Confusing Touch   |       |     2 |    11 |    22 |    41 |     7 ||    83
       Teleport Other    |       |       |       |       |    20 |     5 ||    25
       Cause Fear        |       |       |       |       |     1 |       ||     1
       Tukima's Dance    |       |       |       |       |    17 |   108 ||   125
       Enfeeble          |       |       |       |       |     3 |    18 ||    21
       Dispersal         |       |       |       |       |       |     3 ||     3
       Stone Arrow       |       |       |       |       |       |     2 ||     2
Evoke: Wand              |       |       |       |       |     9 |    13 ||    22
  Use: Scroll            |       |     2 |       |    12 |    17 |     1 ||    32
       Potion            |       |       |       |     2 |     8 |     3 ||    13
 Stab: Sleeping          |    18 |    32 |    37 |   116 |   244 |    98 ||   545
       Confused          |       |     1 |     7 |    18 |    26 |     7 ||    59
       Distracted        |       |     1 |     1 |     2 |    26 |    30 ||    60
       Invisible         |       |       |       |     6 |    13 |     5 ||    24
Armor: Robe              |     8 |     6 |     5 |       |    34 |    16 ||    69
       Steam dragon scal |       |       |    15 |    26 |       |       ||    41
Dodge: Dodged            |    67 |    33 |   107 |   263 |   573 |   231 ||  1274
Block: Buckler           |       |    11 |    50 |   191 |   565 |   223 ||  1040
       Reflection        |       |       |       |     2 |    48 |    39 ||    89

Levels and vault maps discovered:
D:1:      amcnicky_arrival_single_pillar, layout_basic,
          hellmonk_ecumenical_altar_run_dry, minmay_misc_feat_plants,
          wander_ebering_terrifying_dragon_lair
D:2:      layout_basic, serial_shops, shop, nicolae_shop_stone, shop_coins
D:3:      layout_basic, gammafunk_temple_overflow_forgotten, st_stairs_14,
          minmay_vboxes
D:4:      layout_rooms, moated_statue
D:5:      layout_cave_pools, nicolae_ashenzari_panopticon, uniq_prince_ribbit1
D:6:      cheibrodos_iron_armory, layout_cave_pools, wad_floor_pattern_2
D:7:      layout_basic, fedhas_altar_2, mainiacjoe_overflow_paths,
          minmay_temple_entry_metal_lava, enter_bailey_6
D:8:      layout_cave_pools, hangedman_misty_isle, uniq_erica
D:9:      layout_basic, david_lair_shrubbed, serial_shops, shop,
          hangedman_abyss_or_decor_clamps, kennysheep_pointless_box
D:10:     layout_loops_ring, nrook_pool_corridor
D:11:     layout_cave_pools, david_orc_5
D:12:     layout_cave_pools, uniq_josephine, uniq_gastronok, uniq_urug,
          uniq_jorgrun
D:13:     layout_long_grid, kennysheep_big_empty_room, uniq_nessos
D:14:     layout_layer_cave, grunt_vaults_entry_tiered,
          nicolae_dithmenos_shadow_blocks, nicolae_tso_carved_into_rock
D:15:     grunt_enter_depths_snipers, layout_irregular_city, serial_glass,
          glass_columns_a, glass_columns_b, glass_columns_b, glass_columns_a,
          glass_columns_a, small_statue_intersection, minmay_puff, uniq_louise,
          uniq_azrael
Temple:   nicolae_temple_elliptical
Lair:1:   layout_gridlike, basic_altar, infiniplex_staircase_pool
Lair:2:   layout_cave_pods, elwin_shoals_entry_rocks, ebering_ghost_xom
Lair:3:   layout_roguey, guppyfry_snake_entry_island, gauntlet_entry_generic
Lair:4:   layout_gridlike, slime_entry_1
Lair:5:   hellmonk_lair_end_abyssal_woods, layout_layer_cave
Snake:1:  layout_cave_shapes
Snake:2:  layout_onion_interference
Snake:3:  layout_onion, serial_shops, nicolae_stop_n_shop_2,
          nicolae_snake_herptile_family_reunion, grunt_megastairs_5
Snake:4:  grunt_snake_rune_serpentine_throne, layout_cave_town,
          nicolae_triple_integral, uniq_asterion
Orc:1:    layout_diamond_mine, basic_altar, serial_shops, shop,
          nicolae_shop_crystal, nicolae_shop_window_shopping, shop_statue,
          nicolae_lakefront_shop
Orc:2:    st_orc_congregation, layout_caves

Notes
Turn   | Place    | Note
-------+----------+-------------------------------------------
     0 | D:1      | kingofthe the Spriggan Enchanter began the quest for the
                  | Orb.
     0 | D:1      | Reached XP level 1. HP: 9/9 MP: 5/5
   129 | D:1      | Found a faded altar of an unknown god.
   722 | D:1      | Reached XP level 2. HP: 13/13 MP: 6/6
   747 | D:1      | Reached skill level 3 in Dodging
   753 | D:1      | Learned a level 2 spell: Ensorcelled Hibernation
   781 | D:1      | Reached skill level 3 in Spellcasting
   905 | D:1      | Reached skill level 5 in Stealth
  1051 | D:1      | Reached skill level 4 in Hexes
  1383 | D:1      | Reached XP level 3. HP: 16/16 MP: 8/8
  1654 | D:2      | Found Enanam's Distillery.
  1682 | D:2      | Bought a potion of heal wounds for 55 gold pieces
  1716 | D:2      | Found Mugoss's Jewellery Shop.
  1847 | D:2      | Learned a level 3 spell: Confusing Touch
  2051 | D:2      | Found Dexyryr's Magic Scroll Shop.
  2112 | D:2      | Bought a scroll of teleportation for 30 gold pieces
  2289 | D:3      | Reached XP level 4. HP: 21/21 MP: 10/10
  2379 | D:3      | Found a sparkling altar of Nemelex Xobeh.
  2379 | D:3      | Found a snail-covered altar of Cheibriados.
  2380 | D:3      | Found a shimmering blue altar of Sif Muna.
  3734 | D:3      | Identified the +2 buckler of Follow the Leader {rF+ rC+
                  | Dex-4 Slay+3}
  3965 | D:4      | Identified the +6 dagger of Spring {freeze, rF+ Str+5 Int+4
                  | Dex-4}
  4024 | D:4      | Noticed a black bear
  4131 | D:4      | Reached skill level 4 in Spellcasting
  4131 | D:4      | Reached XP level 5. HP: 24/24 MP: 8/12
  4348 | D:4      | Killed a black bear
  4349 | D:4      | Reached skill level 2 in Short Blades
  4349 | D:4      | Reached skill level 4 in Dodging
  4349 | D:4      | Reached skill level 5 in Hexes
  4393 | D:5      | Entered Level 5 of the Dungeon
  4395 | D:5      | Reached skill level 6 in Stealth
  4395 | D:5      | Reached skill level 1 in Shields
  4395 | D:5      | Reached XP level 6. HP: 28/28 MP: 13/13
  4732 | D:5      | Noticed Prince Ribbit
  4929 | D:5      | Reached skill level 5 in Spellcasting
  4938 | D:5      | Found a broken altar of Ashenzari.
  4959 | D:5      | Reached XP level 7. HP: 32/32 MP: 15/15
  5041 | D:5      | Reached skill level 2 in Shields
  5506 | D:5      | Killed Prince Ribbit
  5507 | D:5      | Reached skill level 5 in Dodging
  5507 | D:5      | Reached skill level 6 in Hexes
  5668 | D:6      | Reached skill level 7 in Stealth
  5691 | D:6      | Reached skill level 6 in Spellcasting
  5691 | D:6      | Reached XP level 8. HP: 33/36 MP: 12/18
  6038 | D:6      | Reached skill level 3 in Shields
  6038 | D:6      | Reached skill level 7 in Hexes
  6434 | D:7      | Found a staircase to the Ecumenical Temple.
  6442 | Temple   | Entered the Ecumenical Temple
  6459 | Temple   | Became a worshipper of Dithmenos the Shadowed
  6538 | D:7      | Found a flagged portal.
  6556 | Bailey   | Entered a bailey
  6657 | Bailey   | Reached skill level 7 in Spellcasting
  6868 | Bailey   | Reached skill level 6 in Dodging
  6885 | Bailey   | Reached skill level 8 in Stealth
  6917 | Bailey   | Reached XP level 9. HP: 39/39 MP: 14/21
  6920 | Bailey   | Reached skill level 8 in Hexes
  6989 | Bailey   | Found a burning altar of Makhleb.
  7056 | D:7      | Found a radiant altar of Vehumet.
  7074 | D:7      | Reached skill level 4 in Shields
  7298 | D:7      | Found a blossoming altar of Fedhas.
  7387 | D:7      | Found the +3 woodcutter's axe {vorpal}
  7407 | D:6      | Noticed a rust devil
  7407 | D:6      | Noticed a rust devil
  7530 | D:7      | Reached * piety under Dithmenos
  7921 | D:7      | Reached skill level 8 in Spellcasting
  8082 | D:8      | Noticed a two-headed ogre
  8383 | D:8      | Killed a two-headed ogre
  8384 | D:8      | Reached skill level 7 in Dodging
  8384 | D:8      | Reached skill level 9 in Stealth
  8384 | D:8      | Reached skill level 9 in Spellcasting
  8384 | D:8      | Reached skill level 9 in Hexes
  8625 | D:8      | Reached XP level 10. HP: 41/44 MP: 21/24
  8815 | D:8      | Reached skill level 10 in Hexes
  9002 | D:8      | Noticed Erica
  9152 | D:9      | Found Qaoz's Distillery.
  9157 | D:9      | Bought a potion of curing for 39 gold pieces
  9157 | D:9      | Bought a potion of degeneration for 13 gold pieces
  9167 | D:9      | Identified the +8 rapier of the Dripping Hawk {freeze, rF+}
  9187 | D:9      | Found a staircase to the Lair.
  9229 | D:9      | Reached ** piety under Dithmenos
  9233 | D:9      | Reached skill level 8 in Dodging
  9583 | D:9      | Reached skill level 10 in Stealth
  9607 | D:9      | Reached skill level 10 in Spellcasting
 10288 | D:2      | Bought a +4 ring of evasion for 396 gold pieces
 10418 | Lair:1   | Entered Level 1 of the Lair of Beasts
 10418 | Lair:1   | Noticed an elephant
 10418 | Lair:1   | Noticed an elephant
 10418 | Lair:1   | Noticed an elephant
 10418 | Lair:1   | Noticed an elephant
 10418 | Lair:1   | Noticed an elephant
 10418 | Lair:1   | Noticed an elephant
 10442 | D:9      | Killed an elephant
 10455 | D:9      | Killed an elephant
 10482 | D:10     | Entered Level 10 of the Dungeon
 10497 | D:10     | Reached skill level 3 in Short Blades
 10707 | D:10     | Learned a level 3 spell: Tukima's Dance
 10764 | D:10     | Reached skill level 11 in Hexes
 10829 | D:10     | Noticed a two-headed ogre
 10831 | D:10     | Killed a two-headed ogre
 10832 | D:10     | Reached skill level 9 in Dodging
 10832 | D:10     | Reached skill level 11 in Stealth
 11102 | D:10     | Noticed a two-headed ogre
 11107 | D:10     | Killed a two-headed ogre
 11108 | D:10     | Reached skill level 4 in Short Blades
 11108 | D:10     | Reached XP level 11. HP: 47/47 MP: 26/26
 11197 | D:10     | Reached *** piety under Dithmenos
 11198 | D:10     | Reached skill level 11 in Spellcasting
 11356 | D:8      | Killed Erica
 11448 | D:11     | Noticed a two-headed ogre
 11643 | D:11     | Killed a two-headed ogre
 11676 | D:11     | Noticed a boulder beetle
 11681 | D:11     | Reached skill level 5 in Short Blades
 11685 | D:11     | Killed a boulder beetle
 11686 | D:11     | Reached skill level 10 in Dodging
 11686 | D:11     | Reached skill level 12 in Stealth
 11950 | D:11     | Reached **** piety under Dithmenos
 12101 | D:11     | Found a staircase to the Orcish Mines.
 12226 | D:12     | Noticed a brown ugly thing
 12227 | D:12     | Noticed a two-headed ogre
 12365 | D:12     | Reached skill level 12 in Hexes
 12371 | D:12     | Noticed Gastronok
 12414 | D:12     | Noticed a deep elf pyromancer
 12569 | Lair:1   | Found a shimmering altar of Xom.
 12753 | Lair:1   | Reached skill level 6 in Short Blades
 12831 | Lair:1   | Reached skill level 12 in Spellcasting
 13152 | Lair:1   | Reached skill level 13 in Stealth
 13154 | Lair:1   | Reached XP level 12. HP: 49/51 MP: 23/29
 13245 | Lair:1   | Learned a level 3 spell: Teleport Other
 13864 | Lair:1   | Found a shimmering altar of Xom.
 14128 | Lair:2   | Found a runed translucent door.
 14132 | Lair:2   | Reached skill level 1 in Translocations
 14151 | Lair:2   | Reached skill level 11 in Dodging
 14256 | Lair:2   | Reached skill level 2 in Translocations
 14385 | Lair:2   | Reached skill level 3 in Translocations
 14421 | Lair:2   | Found a staircase to the Shoals.
 14423 | Lair:2   | Noticed a six-headed hydra
 14434 | Lair:2   | Killed a six-headed hydra
 14700 | Lair:2   | Reached skill level 4 in Translocations
 14795 | Lair:2   | Reached skill level 7 in Short Blades
 14821 | Lair:2   | Reached skill level 5 in Translocations
 15012 | Lair:2   | Found a shimmering altar of Xom.
 15012 | Lair:2   | Noticed LustLizard's ghost (adept TrFi)
 15191 | Lair:2   | Noticed a four-headed hydra
 15198 | Lair:2   | Killed a four-headed hydra
 15442 | Lair:3   | Reached skill level 6 in Translocations
 15564 | Lair:3   | Found a staircase to the Snake Pit.
 15652 | Lair:3   | Reached ***** piety under Dithmenos
 15665 | Lair:3   | Reached skill level 13 in Hexes
 15678 | Lair:3   | Reached skill level 14 in Stealth
 15783 | Lair:3   | Found a gate leading to a gauntlet.
 15791 | Gauntlet | Entered a Gauntlet
 15791 | Gauntlet | Found a transporter.
 15791 | Gauntlet | Found a transporter.
 15795 | Gauntlet | Found a transporter.
 15795 | Gauntlet | Found a transporter.
 15797 | Gauntlet | Found a large runed translucent door.
 15798 | Gauntlet | Found a large runed translucent door.
 15799 | Gauntlet | Found a large runed translucent door.
 15799 | Gauntlet | Found a large runed translucent door.
 15799 | Gauntlet | Found a runed translucent door.
 15799 | Gauntlet | Found a runed translucent door.
 15800 | Gauntlet | Found a large runed translucent door.
 15800 | Gauntlet | Found a large runed translucent door.
 15800 | Gauntlet | Found a large runed translucent door.
 15800 | Gauntlet | Found a large runed translucent door.
 15801 | Gauntlet | Found a large runed translucent door.
 15802 | Gauntlet | Found a large runed translucent door.
 15804 | Gauntlet | Found a transporter.
 15805 | Gauntlet | Found a large runed translucent door.
 15805 | Gauntlet | Found a large runed translucent door.
 15806 | Gauntlet | Found a large runed translucent door.
 15806 | Gauntlet | Found a large runed translucent door.
 15806 | Gauntlet | Found a large runed translucent door.
 15806 | Gauntlet | Found a large runed translucent door.
 15809 | Gauntlet | Found a runed translucent gate.
 15809 | Gauntlet | Found a runed translucent gate.
 15809 | Gauntlet | Found a runed translucent gate.
 15811 | Gauntlet | Found a transporter.
 15819 | Gauntlet | Found a transporter.
 15821 | Gauntlet | Found a transporter.
 15821 | Gauntlet | Found a transporter.
 15825 | Gauntlet | Found a transporter.
 15827 | Gauntlet | Noticed a death yak
 15830 | Gauntlet | Noticed a death yak
 15833 | Gauntlet | Noticed a death yak
 15835 | Gauntlet | Noticed a death yak
 15859 | Gauntlet | Found a transporter.
 15879 | Gauntlet | Found a transporter.
 15912 | Gauntlet | Found a transporter.
 15928 | Gauntlet | Found a transporter.
 16028 | Gauntlet | Found a transporter.
 16055 | Gauntlet | Found a transporter.
 16407 | Gauntlet | Reached skill level 7 in Translocations
 16511 | Gauntlet | Identified a scarf of resistance
 16584 | Gauntlet | Got the Vademecum on Combative Grit
 16612 | Gauntlet | Identified the ring "Xoomedout" {Fly Int+3}
 16619 | Gauntlet | Killed a death yak
 16624 | Gauntlet | Killed a death yak
 16631 | Gauntlet | Killed a death yak
 16632 | Gauntlet | Reached skill level 12 in Dodging
 16632 | Gauntlet | Killed a death yak
 16633 | Gauntlet | Reached skill level 8 in Translocations
 16633 | Gauntlet | Reached XP level 13. HP: 36/55 MP: 30/30
 16652 | Gauntlet | Identified the +9 plate armour of the Uplifting Gods {rElec
                  | rC++ Str+8 Slay-3}
 16652 | Gauntlet | Identified the -2 tower shield "Onesa" {*Slow Int+5 Stlth+}
 16652 | Gauntlet | Noticed a minotaur
 16658 | Gauntlet | HP: 1/55 [minotaur/+3 war axe of distortion (19)]
 16672 | Gauntlet | Killed a minotaur
 16673 | Gauntlet | Reached skill level 13 in Spellcasting
 16681 | Gauntlet | Identified the +1 robe of Ethics {*Slow rElec rN++ Slay+6}
 17555 | Lair:3   | Reached skill level 8 in Short Blades
 17617 | Lair:4   | Found a staircase to the Slime Pits.
 18243 | Lair:4   | Reached skill level 9 in Translocations
 18473 | Lair:5   | Entered Level 5 of the Lair of Beasts
 18758 | D:9      | Identified 2 scrolls of acquirement
 18760 | D:9      | Acquired 463 gold pieces
 18774 | D:9      | Learned a level 3 spell: Gell's Gravitas
 18781 | D:9      | Learned a level 6 spell: Dispersal
 18939 | Lair:5   | Reached skill level 9 in Short Blades
 19069 | Lair:5   | Reached skill level 15 in Stealth
 20552 | Lair:5   | Reached skill level 13 in Dodging
 20552 | Lair:5   | Reached skill level 14 in Hexes
 20552 | Lair:5   | Reached skill level 10 in Translocations
 21489 | Lair:5   | Reached skill level 10 in Short Blades
 21599 | Lair:5   | Reached XP level 14. HP: 58/59 MP: 27/32
 21808 | Lair:5   | Found a corrupted altar of Lugonu.
 21808 | Lair:5   | Found a one-way gate to the infinite horrors of the Abyss.
 22114 | D:9      | Acquired the +0 hat of Zog Lico {Will+ Str+2 Stlth-}
 22239 | D:12     | Noticed Josephine
 22243 | D:12     | Reached skill level 1 in Evocations
 22581 | D:11     | Killed Josephine
 22745 | D:12     | Reached skill level 2 in Evocations
 22778 | D:12     | Reached skill level 14 in Spellcasting
 22916 | D:12     | Reached skill level 3 in Evocations
 22948 | D:12     | Killed Gastronok
 23190 | D:12     | Noticed Urug
 23193 | D:12     | Noticed Jorgrun
 23273 | Orc:1    | Entered Level 1 of the Orcish Mines
 23293 | Orc:1    | Reached ****** piety under Dithmenos
 23316 | Orc:1    | Found Icugo Rose's Antique Weapon Boutique.
 23345 | Orc:1    | Reached skill level 16 in Stealth
 23367 | Orc:1    | Noticed an orc warlord
 23526 | Orc:1    | Reached skill level 4 in Evocations
 23639 | Orc:1    | Found Halyibau's Jewellery Shoppe.
 23819 | Orc:1    | Found Zukugaph's Weapon Emporium.
 23993 | Orc:1    | Found Asmihip's Book Emporium.
 24138 | Orc:1    | Found Apheit's Assorted Antiques.
 24184 | Orc:1    | HP: 4/59 [orc warlord/+2 halberd (27)]
 24385 | Orc:1    | Killed an orc warlord
 24386 | Orc:1    | Reached skill level 11 in Translocations
 24432 | Orc:2    | Entered Level 2 of the Orcish Mines
 24594 | Orc:2    | Found a staircase to the Elven Halls.
 24696 | Orc:1    | Reached skill level 5 in Evocations
 25992 | Orc:1    | Learned a level 4 spell: Cause Fear
 26128 | Orc:2    | Noticed an orc warlord
 26769 | Orc:1    | Bought a book of Maledictions for 338 gold pieces
 26777 | Orc:1    | Learned a level 7 spell: Enfeeble
 26874 | Orc:1    | Bought a crude robe for 193 gold pieces
 26874 | Orc:1    | Identified the +2 robe of Duty {Int-2 Dex+5} (You bought it
                  | in a shop on level 1 of the Orcish Mines)
 27244 | D:12     | Killed Jorgrun
 27245 | D:12     | Reached skill level 6 in Evocations
 27284 | D:12     | Killed Urug
 27390 | D:13     | Reached skill level 14 in Dodging
 27411 | D:13     | Noticed Nessos
 27428 | D:13     | Killed Nessos
 29069 | D:14     | Found a shadowy altar of Dithmenos.
 29087 | D:14     | Reached XP level 15. HP: 63/63 MP: 26/34
 29811 | D:14     | Reached skill level 7 in Evocations
 29960 | D:14     | Reached skill level 12 in Translocations
 29969 | D:14     | Reached skill level 5 in Shields
 29969 | D:14     | Reached skill level 15 in Hexes
 30060 | D:14     | Found a gate to the Vaults.
 30162 | D:14     | Reached skill level 17 in Stealth
 30471 | D:14     | Found a glowing golden altar of the Shining One.
 30759 | D:15     | Entered Level 15 of the Dungeon
 31136 | Orc:1    | Killed an orc warlord
 31284 | Orc:2    | Reached skill level 15 in Spellcasting
 31849 | Orc:2    | Found Lurepp's General Store.
 31850 | Orc:2    | Found Pubov's Jewellery Emporium.
 31852 | Orc:2    | Found Goruguo's Antique Armour Emporium.
 31852 | Orc:2    | Found Natej's Antique Weapon Shoppe.
 31867 | Orc:2    | Bought a scroll of teleportation for 36 gold pieces
 32492 | Orc:1    | Bought the +9 short sword "Huifer" {spect, rPois rC- rCorr
                  | SInv} for 931 gold pieces
 32576 | Orc:2    | Bought a +6 ring of dexterity for 504 gold pieces
 32896 | D:15     | Noticed Azrael
 32901 | D:15     | Killed Azrael
 32970 | D:15     | Found a staircase to the Depths.
 32979 | D:15     | Reached skill level 8 in Evocations
 33227 | D:15     | Noticed Louise
 33239 | D:15     | Killed Louise
 33530 | D:15     | Reached skill level 13 in Translocations
 34336 | Lair:2   | Killed LustLizard's ghost
 34337 | Lair:2   | Reached skill level 15 in Dodging
 34563 | Snake:1  | Entered Level 1 of the Snake Pit
 35070 | Snake:1  | Reached XP level 16. HP: 44/67 MP: 6/36
 35725 | Snake:1  | HP: 3/67 [nagaraja/+0 flail (10)]
 35725 | Snake:1  | HP: 1/67 [constriction (2)]
 35728 | Snake:1  | Reached skill level 9 in Evocations
 36201 | Snake:1  | Reached skill level 18 in Stealth
 36628 | Snake:2  | Reached skill level 11 in Short Blades
 36903 | Snake:2  | Reached skill level 6 in Shields
 37986 | Snake:3  | Reached skill level 16 in Hexes
 38023 | Snake:3  | Found Toziat's Jewellery Boutique.
 38557 | Snake:3  | Reached skill level 14 in Translocations
 38625 | Snake:3  | Reached skill level 16 in Spellcasting
 38929 | Snake:3  | Reached skill level 10 in Evocations
 39132 | Snake:3  | Reached skill level 1 in Invocations
 39953 | Snake:3  | Reached skill level 2 in Invocations
 39962 | Snake:3  | Reached skill level 16 in Dodging
 40089 | Snake:3  | Reached XP level 17. HP: 50/70 MP: 26/38
 40482 | Snake:4  | Entered Level 4 of the Snake Pit
 40739 | D:9      | Learned a level 3 spell: Stone Arrow
 41199 | Snake:4  | Reached skill level 19 in Stealth
 41357 | Snake:4  | Noticed Asterion
 41361 | Snake:4  | Killed Asterion
 41509 | Snake:4  | Reached skill level 3 in Invocations
 41719 | Snake:4  | Reached skill level 1 in Ice Magic
 41767 | Snake:4  | Reached skill level 12 in Short Blades
 42417 | Snake:4  | Reached skill level 11 in Evocations
 42477 | Snake:4  | Reached skill level 1 in Earth Magic
 42876 | Snake:4  | Noticed Vashnia
 43889 | Snake:3  | Reached skill level 2 in Ice Magic
 44385 | Snake:4  | Reached skill level 15 in Translocations
 44427 | Snake:4  | Reached skill level 2 in Earth Magic
 44462 | Snake:4  | Reached skill level 17 in Hexes
 44552 | Snake:4  | HP: 2/70 [Vashnia/arrow (26)]
 44552 | Snake:4  | Constricted to death by Vashnia

Vanquished Creatures
  Jorgrun (D:12)
  Asterion (Snake:4)
  The ghost of LustLizard the Wrestler, an adept TrFi of Wu Jian (Lair:2)
  Gastronok (D:12)
  5 nagarajas
  2 orc warlords (Orc:1)
  Louise (D:15)
  A stone giant (D:15)
  Nessos (D:13)
  Azrael (D:15)
  A minotaur (Gauntlet)
  Josephine (D:11)
  2 boulder beetles
  A salamander tyrant (Snake:4)
  9 hydras
  A vault guard (D:14)
  4 alligators (Snake:3)
  2 catoblepae
  Erica (D:8)
  2 centaur warriors
  13 anacondas
  5 two-headed ogres
  16 naga warriors
  A dancing weapon (Lair:2)
  2 alligator snapping turtles (Snake:3)
  4 death yaks (Gauntlet)
  2 tengu warriors (D:15)
  2 thrashing horrors (Lair:5)
  5 orc high priests (Orc:2)
  10 shock serpents
  Urug (D:12)
  10 naga sharpshooters
  3 large abominations (Lair:5)
  2 salamander mystics (Snake:4)
  2 goliath frogs (Snake:3)
  4 sea snakes (Snake:3)
  2 naga ritualists
  3 wizards (D:14)
  A lindwurm (Lair:5)
  2 necromancers
  8 orc knights
  3 deep elf pyromancers
  4 orc sorcerers (Orc:2)
  10 mana vipers
  17 salamanders
  A moth of wrath (Gauntlet)
  4 manticores
  13 elephants
  23 ugly things
  6 cyclopes
  27 black mambas
  24 naga magi
  6 gargoyles
  2 smoke demons (Lair:5)
  9 guardian serpents
  14 cane toads
  7 komodo dragons
  An ancient zyme (Lair:5)
  An efreet (D:14)
  16 trolls
  A wolf spider simulacrum (D:15)
  3 meliai (D:13)
  A polar bear (Lair:4)
  Prince Ribbit (D:5)
  8 slime creatures
  A snapping turtle (Snake:3)
  17 blink frogs
  A vampire (D:12)
  7 wraiths
  3 ynoxinuls
  A culicivora (shapeshifter) (Lair:5)
  2 wyverns (Lair:3)
  26 yaks
  7 fire elementals (D:15)
  A hog (shapeshifter) (D:15)
  A spriggan (Lair:5)
  10 small abominations (Lair:5)
  20 humans (D:14)
  2 basilisks (Lair:5)
  2 chaos spawn (Lair:5)
  4 steam dragons
  45 nagas
  2 acid dragons
  5 wargs
  14 water moccasins
  A hell hound (D:15)
  53 orc warriors
  3 sky beasts (D:8)
  3 black bears
  5 ogres
  15 wolves
  2 centaurs
  5 kobold brigands (Bailey)
  A phantom (D:6)
  2 gnoll sergeants (D:11)
  14 bullfrogs
  3 scorpions
  10 wights
  17 killer bees
  4 electric eels
  A howler monkey (D:10)
  A jelly (D:6)
  22 orc priests
  3 hounds (D:5)
  2 iron imps (Gauntlet)
  2 iguanas
  40 orc wizards
  14 gnolls
  6 adders
  A shadow imp (D:4)
  A white imp (D:6)
  An ufetubus (D:5)
  2 worms
  4 dart slugs
  111 orcs
  4 bats
  5 endoplasms
  2 giant cockroaches (D:1)
  5 goblins
  4 hobgoblins
  7 jackals
  14 kobolds
  4 quokkas
  5 ball pythons
  3 frilled lizards
  8 rats
920 creatures vanquished.

Vanquished Creatures (collateral kills)
  A naga warrior (Snake:3)
  A naga sharpshooter (Snake:4)
  4 nagas
6 creatures vanquished.

Vanquished Creatures (others)
  19 dancing weapons
  An orc (Orc:2)
  23 fungi
  60 plants
103 creatures vanquished.

Grand Total: 1029 creatures vanquished

Table legend: (Time is in decaauts)
 A = Elapsed time spent in this place.
 B = Non-inter-level travel time spent in this place.
 C = Inter-level travel time spent in this place.
 D = Time resting spent in this place.
 E = Time spent auto-exploring this place.
 F = Levels seen in this place.
 G = Mean time per level.
                   A        B        C        D        E       F      G
               +--------+--------+--------+--------+--------+-----+--------+
         Total |  34009 |  31640 |   2369 |   9963 |  12407 |  29 | 1172.7 |
       Dungeon |  13954 |  12665 |   1289 |   2363 |   6993 |  15 |  930.3 |
        Temple |     15 |     15 |      0 |      0 |      2 |   1 |   15.0 |
          Lair |   6670 |   6110 |    560 |   1192 |   3306 |   5 | 1334.0 |
     Snake Pit |   7814 |   7612 |    202 |   4055 |    873 |   4 | 1953.5 |
  Orcish Mines |   4440 |   4123 |    317 |   2175 |    916 |   2 | 2220.0 |
        Bailey |    396 |    396 |      0 |    140 |     78 |   1 |  396.0 |
      Gauntlet |    717 |    717 |      0 |     38 |    237 |   1 |  717.0 |
               +--------+--------+--------+--------+--------+-----+--------+

Top non-repeatable levels by time:
   Orc:1: 3264 daAuts
 Snake:3: 2575 daAuts
  Lair:5: 2409 daAuts
 Snake:4: 2309 daAuts
 Snake:1: 2085 daAuts
    D:13: 1591 daAuts
    D:11: 1448 daAuts
  Lair:1: 1345 daAuts
  Lair:2: 1210 daAuts
     D:1: 1202 daAuts
   Orc:2: 1176 daAuts
     D:9: 1051 daAuts
    D:14: 998 daAuts
     D:3: 918 daAuts
     D:8: 911 daAuts

Table legend:
 A = Non-vault XP
 B = Vault XP
 C = Vault XP percentage of total XP
 D = Non-vault monster count
 E = Vault monster count
 F = Vault count percentage of total count
                 A         B        C        D         E       F
            +---------+---------+-------+---------+---------+-------
      Total |  164054 |   96011 |  36.9 |     634 |     292 |  31.5
            +---------+---------+-------+---------+---------+-------
        D:1 |      45 |       1 |   2.2 |      23 |       1 |   4.2
        D:2 |      54 |       0 |   0.0 |      12 |       0 |   0.0
        D:3 |      51 |      22 |  30.1 |      15 |       6 |  28.6
        D:4 |     188 |       0 |   0.0 |       8 |       0 |   0.0
        D:5 |     596 |     283 |  32.2 |      15 |       1 |   6.2
        D:6 |     641 |       0 |   0.0 |       7 |       0 |   0.0
        D:7 |     660 |      63 |   8.7 |      19 |       1 |   5.0
        D:8 |    1834 |    1588 |  46.4 |      21 |       6 |  22.2
        D:9 |    1900 |     350 |  15.6 |      20 |       1 |   4.8
       D:10 |    3196 |       0 |   0.0 |      22 |       0 |   0.0
       D:11 |    3766 |    2084 |  35.6 |      17 |      27 |  61.4
       D:12 |    4845 |    4580 |  48.6 |      13 |       5 |  27.8
       D:13 |    8166 |    1047 |  11.4 |      19 |       1 |   5.0
       D:14 |    8332 |    6786 |  44.9 |      17 |      25 |  59.5
       D:15 |   10118 |    8236 |  44.9 |      25 |      17 |  40.5
     Lair:1 |    4519 |       0 |   0.0 |      17 |       0 |   0.0
     Lair:2 |    7548 |    2512 |  25.0 |      27 |       2 |   6.9
     Lair:3 |    4516 |     320 |   6.6 |      23 |       2 |   8.0
     Lair:4 |    6532 |       0 |   0.0 |      16 |       0 |   0.0
     Lair:5 |    8773 |   10859 |  55.3 |      23 |      39 |  62.9
    Snake:1 |   17738 |       0 |   0.0 |      34 |       0 |   0.0
    Snake:2 |   12927 |       0 |   0.0 |      27 |       0 |   0.0
    Snake:3 |   23163 |   20934 |  47.5 |      49 |      29 |  37.2
    Snake:4 |   20754 |   18074 |  46.5 |      43 |      27 |  38.6
      Orc:1 |   10186 |    1335 |  11.6 |      94 |       3 |   3.1
      Orc:2 |    3006 |    9509 |  76.0 |      28 |      65 |  69.9
     Bailey |       0 |    1044 | 100.0 |       0 |      18 | 100.0
   Gauntlet |       0 |    6384 | 100.0 |       0 |      16 | 100.0
            +---------+---------+-------+---------+---------+-------
